Map: Inside and Out

Players

Kirdian

  • Race: Protoss Protoss
  • League: Silver
  • Spawn Location: 7:00

Exterminator - Winner!

  • Race: Terran Terran
  • League: Silver
  • Spawn Location: 1:00

VOD

Have the link to the VOD?

Description

Time

  • Played on: Oct. 29, 2022, 12:05 a.m.
  • Length: 10:40
Show
View Real Time Build Order
Export as new Build Order

Kirdian Protoss 

Build Orders:  

Get SALT Encoding   

  12  0:00  Probe  
  13  0:12  Probe  
  14  0:18  Pylon  
  14  0:25  Probe  
  15  0:39  Gateway  
  15  0:41  Probe  
  16  0:47  Assimilator  
  16  0:53  Probe  
  17  1:05  Probe  
  18  1:17  Probe  
  19  1:27  Cybernetics Core  
  19  1:29  Probe  
  19  1:32  Gateway  
  20  1:34  Zealot  
  20  1:37  Pylon  
  22  1:42  Probe  
  23  2:02  Pylon  
  23  2:03  Adept (Chrono Boost)  
  25  2:12  Warp Gate  
  25  2:17  Probe  
  25  2:21  Stalker (Chrono Boost)  
  28  2:24  Gateway  
  28  2:26  Adept  
  30  2:32  Gateway  
  30  2:50  Stalker  
  32  2:56  Zealot  
  34  3:02  Probe  
  35  3:13  Nexus  
  35  3:22  Pylon  
  33  4:02  Probe (Chrono Boost)  
  34  4:08  Assimilator  
  34  4:12  Probe (Chrono Boost)  
  34  4:13  Stargate  
  35  4:17  Probe (Chrono Boost)  
  35  4:21  Pylon  
  36  4:24  Probe (Chrono Boost)  
  36  4:25  Shield Battery  
  36  4:30  Probe (Chrono Boost)  
  38  4:34  Probe (Chrono Boost)  
  38  4:36  Probe (Chrono Boost)  
  38  4:37  Assimilator  
  40  4:39  Probe (Chrono Boost)  
  40  4:40  Assimilator  
  40  4:42  Probe  
  40  4:43  Stalker x2  
  46  4:46  Zealot  
  46  4:51  Probe  
  49  4:54  Probe  
  46  5:03  Probe  
  45  5:54  Probe x2  
  47  6:00  Stalker  
  47  6:01  Stalker x3  
  55  6:06  Probe x2  
  55  6:08  Oracle  
  60  6:18  Probe x2  
  62  6:30  Probe x2  
  55  6:42  Zealot x4  
  65  7:08  Void Ray  
  65  7:09  Probe  
  65  7:10  Probe  
  66  7:16  Stalker x2  
  70  7:27  Probe  
  70  7:29  Probe  
  68  7:39  Probe  
  68  7:41  Probe  
  66  8:02  Probe  
  67  8:07  Stalker  
  69  8:14  Probe  
  69  8:16  Pylon  
  70  8:27  Probe  
  60  8:30  Void Ray  
  60  8:39  Probe  
  55  8:51  Probe  
  56  8:56  Stalker x4  
  64  9:08  Fleet Beacon  
  64  9:11  Stargate  
  64  9:12  Stargate  
  64  9:27  Nexus  
  64  9:30  Assimilator  
  64  9:34  Assimilator  
  64  9:37  Pylon  
  64  9:40  Pylon  
  43  9:54  Zealot x4  
  51  10:02  Shield Battery  
  46  10:25  Zealot x2  
Show
View Real Time Build Order
Export as new Build Order

Exterminator Terran - Winner!

Build Orders: 1/1/1 

Get SALT Encoding   

  12  0:01  SCV  
  13  0:13  SCV  
  14  0:19  Supply Depot  
  14  0:25  SCV  
  15  0:29  Refinery  
  15  0:43  Barracks  
  15  0:46  SCV  
  16  0:58  SCV  
  16  1:00  Refinery  
  17  1:10  SCV  
  18  1:15  Supply Depot  
  18  1:22  SCV  
  19  1:35  Factory  
  19  1:40  SCV  
  20  1:51  Marine  
  21  2:01  Barracks  
  21  2:04  SCV  
  22  2:14  Barracks Tech Lab  
  22  2:16  SCV  
  22  2:19  Factory Tech Lab  
  23  2:30  Starport  
  23  2:34  SCV  
  24  2:45  Siege Tank  
  24  2:48  SCV  
  28  2:52  Barracks Reactor  
  28  3:01  Supply Depot  
  28  3:10  Orbital Command  
  28  3:17  Marauder  
  30  3:24  Medivac  
  32  3:28  Marine  
  32  3:29  Marine  
  34  3:38  Siege Tank  
  36  3:58  Marine  
  36  3:59  Marine  
  38  4:03  Supply Depot  
  38  4:25  Marauder  
  38  4:26  Marine x2  
  38  4:28  Siege Tank  
  45  4:38  Supply Depot  
  45  4:41  Command Center  
  45  4:59  Liberator  
  48  5:06  Marauder, Marine x2  
  52  5:08  Stimpack  
  52  5:09  Siege Tank  
  55  5:15  Supply Depot  
  55  5:37  SCV  
  56  5:51  Siege Tank  
  56  5:54  Medivac  
  56  5:56  SCV  
  62  6:05  Marine x2  
  62  6:06  Marauder  
  59  6:40  SCV  
  59  6:42  Marine x2  
  59  6:43  Marauder  
  64  6:52  Siege Tank  
  65  7:13  Marine x2  
  65  7:14  Marauder  
  69  7:24  Siege Tank  
  72  7:48  SCV  
  56  8:57  Combat Shield  
  56  9:00  Viking  
  58  9:05  Orbital Command  
  58  9:18  Barracks, Marine x2  
  58  9:19  Barracks, Marauder  
  58  9:20  Barracks  
  58  9:22  Starport  
  62  9:26  Factory  
  62  9:29  Engineering Bay x2  
  62  9:32  Ghost Academy  
  62  9:34  SCV  
Tags
 
Matchup
PvT
Opening
1/1/1
Spawn Locations
Cross Positions
Add a new tag
Caveats
  • Supply blocks, unpowered buildings, or Contaminate may cause inaccurate times.
  • Supply counts are checked every 10 seconds.